 Dungeon Crawl Stone Soup version 0.31.0-11-ge490571c62 (webtiles) character file.

Game seed: 17793469404768274540

2117 qw the Skirmisher (level 9, -1/50 HPs)
             Began as a Deep Elf Hunter on Feb 3, 2024.
             Was a Believer of Okawaru.
             Succumbed to a killer bee's poison
             ... on level 7 of the Dungeon.
             The game lasted 00:00:27 (6169 turns).

qw the Skirmisher (Deep Elf Hunter)                 Turns: 6169, Time: 00:00:28

Health: -1/50      AC:  7    Str: 12    XL:     9   Next: 8%
Magic:  14/14      EV: 32    Int: 15    God:    Okawaru [**....]
Gold:   318        SH:  0    Dex: 18    Spells: 8/8 levels left

rFire   . . .        k - +0 orcbow
rCold   . . .        (shield currently unavailable)
rNeg    . . .        f - +1 ring mail
rPois   .            m - +0 helmet of Lugonu's Condemnation {rCorr}
rElec   .            (no cloak)
rCorr   +            (no gloves)
SInv    .            (no boots)
Will    .....        j - amulet of the acrobat
Stlth   +            g - +5 ring of evasion
HPRegen 0.28/turn    (no ring)
MPRegen 0.14/turn

%: acrobat
@: lethally poisoned (-1 -> -7), acrobatic
A: no striking features
a: Renounce Religion, Heroism


You were on level 7 of the Dungeon.
You worshipped Okawaru.
Okawaru was pleased with you.
You visited 2 branches of the dungeon, and saw 8 of its levels.
You also visited: Sewer.

You collected 318 gold pieces.


   Skills:
 - Level 3.1 Fighting
 - Level 14.0 Ranged Weapons
 - Level 1.5 Armour
 + Level 4.0 Dodging
 - Level 1.2 Stealth
 - Level 4.0 Invocations


You had 8 spell levels left.
You didn't know any spells.
Your spell library was empty.

Inventory:

Hand Weapons
 k - a +0 orcbow (weapon)
Armour
 f - a +1 ring mail (worn)
 m - the +0 helmet of Lugonu's Condemnation (worn) {rCorr}
   (You took it off Robin on level 3 of the Dungeon)

   rCorr:     It protects you from acid and corrosion.
Jewellery
 a - a +4 ring of protection
 b - a ring of ice
 g - a +5 ring of evasion (left hand)
 j - an amulet of the acrobat (around neck)
Wands
 l - a wand of digging (7)
Potions
 c - 3 potions of might
 d - 6 potions of curing
 h - a potion of berserk rage {unknown}
 i - a potion of haste {unknown}

Dungeon Overview and Level Annotations

Branches:
Dungeon (7/15)             Temple (1/1) D:5           Sewer (visited)

Altars:
Ashenzari
Cheibriados
Dithmenos
Elyvilon
Fedhas
Gozag
Hepliaklqana
Kikubaaqudgha
Nemelex Xobeh
Okawaru
Qazlal
Ru
Sif Muna
Trog
Uskayaw
Vehumet
Wu Jian
Xom
Yredelemnul
Zin
The Shining One

Shops:
D:6 (


Message History

The killer bee is almost dead.
The killer bee barely misses you.
A killer bee comes into view.
The killer bee misses you.
You shoot an arrow. The arrow misses the killer bee.
The killer bee buzzes angrily.
The arrow hits the killer bee!
The killer bee is almost dead.
The killer bee stings you.
You are poisoned.
The killer bee poisons you! The killer bee stings you.
You are lethally poisoned!
The killer bee poisons you!
You shoot an arrow. The arrow hits the killer bee!
You kill the killer bee!
Okawaru accepts your kill.
You feel very sick. The killer bee closely misses you.
You shoot an arrow.
The arrow closely misses the killer bee.
The arrow hits the killer bee!
The killer bee is almost dead.
You feel very sick. The killer bee closely misses you. x2
You shoot an arrow. The arrow hits the killer bee!
You kill the killer bee!
Okawaru accepts your kill.
You feel very sick. The killer bee misses you.
The killer bee completely misses you.
You shoot an arrow. The arrow misses the killer bee.
You feel sick. The killer bee completely misses you.
The killer bee barely misses you.
You shoot an arrow. The arrow hits the killer bee!
You kill the killer bee!
Okawaru accepts your kill.
You feel sick.
A bombardier beetle comes into view.
Your Ranged Weapons skill increases to level 14!
6169 ||| FLEEEEING.
You die...

#. ##. B... #...
...# #).###
#..%.#
#.##.########
#..@........###
####..#.......
##.
##.#.###.####....
#...#...........
##..#.#...###...
##.#.#...# #
#.......######
#.#...........
#.#.#...#...##


There were no monsters in sight!

Vanquished Creatures
  An acid dragon (D:7)
  4 water moccasins
  An ice beast (D:6)
  An ogre (D:6)
  A centaur (D:6)
  3 kobold brigands
  A scorpion (D:5)
  4 killer bees (D:7)
  5 howler monkeys (D:7)
  5 hounds
  2 orc priests
  A gnoll bouda (D:6)
  A jelly (D:5)
  2 sleepcaps
  2 iguanas
  2 orc wizards
  Robin (D:3)
  5 adders
  3 gnolls (D:6)
  2 river rats (Sewer)
  A white imp (D:7)
  5 ribbon worms
  12 orcs
  6 bats
  11 endoplasms
  3 giant cockroaches
  17 goblins
  10 hobgoblins
  6 jackals
  18 kobolds
  5 quokkas
  9 ball pythons
  9 frilled lizards
  10 rats
169 creatures vanquished.

Vanquished Creatures (others)
  An arcanist (D:6)
1 creature vanquished.

Grand Total: 170 creatures vanquished

Notes
Turn   | Place    | Note
-------+----------+-------------------------------------------
     0 | D:1      | qw the Deep Elf Hunter began the quest for the Orb.
     0 | D:1      | Reached XP level 1. HP: 12/12 MP: 3/3
     0 | D:1      | 0 ||| qw: Version: 0.3-a-158-g18b3111
     0 | D:1      | 0 ||| qw: Game counter: 4129
     0 | D:1      | 0 ||| qw: Melee chars always use a shield: true
     0 | D:1      | 0 ||| qw: God list: Okawaru
     0 | D:1      | 0 ||| qw: Allow faded altars: false
     0 | D:1      | 0 ||| qw: Do Orc after clearing Dungeon:15 true
     0 | D:1      | 0 ||| qw: Do second Lair branch before Depths: true
     0 | D:1      | 0 ||| qw: Lair rune preference: random
     0 | D:1      | 0 ||| qw: Goals: Normal
     0 | D:1      | 0 ||| PLANNING D:1-11
    57 | D:1      | HP: 2/12 [frilled lizard (3)]
    61 | D:1      | Reached XP level 2. HP: 5/16 MP: 4/4
    62 | D:1      | Reached skill level 6 in Ranged Weapons
    63 | D:1      | HP: 4/16 [endoplasm (1)]
   299 | D:1      | Reached XP level 3. HP: 20/20 MP: 5/5
   762 | D:1      | 762 ||| UPGRADING to +0 ring mail.
   772 | D:1      | 772 ||| DROPPING +0 leather armour.
   773 | D:1      | 773 ||| UPGRADING to +5 ring of evasion.
   774 | D:1      | 774 ||| DRINKING 2 gluggy clear potions.
   775 | D:1      | 775 ||| DROPPING scroll of butterflies.
   973 | D:2      | Reached skill level 7 in Ranged Weapons
  1568 | D:2      | 1568 ||| READING scroll labelled SUCUTZ KELUMY.
  1568 | D:2      | 1568 ||| IDENTIFYING smoky ruby potion
  1569 | D:2      | 1569 ||| READING scroll labelled XIBRERU ZINA.
  1619 | D:3      | 1619 ||| FLEEEEING.
  1632 | D:3      | Reached XP level 4. HP: 20/25 MP: 6/6
  1969 | D:3      | Reached skill level 8 in Ranged Weapons
  1972 | D:3      | Found a snail-covered altar of Cheibriados.
  2059 | D:3      | Found an ancient bone altar of Kikubaaqudgha.
  2191 | D:3      | Identified the +0 helmet of Lugonu's Condemnation {rCorr}
  2191 | D:3      | Noticed Robin
  2196 | D:3      | Reached XP level 5. HP: 26/29 MP: 7/7
  2209 | D:3      | HP: 3/29 [Robin/+0 club (5)]
  2210 | D:3      | 2210 ||| DRINKING 2 potions of heal wounds.
  2211 | D:3      | Killed Robin
  2570 | D:3      | Identified the staff of Discretion {rPois Will+ Dex-2
                  | Earth}
  2589 | D:3      | 2589 ||| UPGRADING to +1 hat.
  2594 | D:3      | 2594 ||| UPGRADING to +0 helmet of Lugonu's Condemnation
                  | {rCorr}.
  2604 | D:3      | 2604 ||| DROPPING +1 hat.
  2605 | D:3      | 2605 ||| READING scroll of identify.
  2605 | D:3      | 2605 ||| IDENTIFYING fuming clear potion
  2606 | D:3      | 2606 ||| READING scroll labelled JAATTY FAMEI.
  2607 | D:3      | 2607 ||| READING scroll labelled FACUEG OPUAHU.
  2607 | D:3      | 2607 ||| ENCHANTING +0 ring mail.
  2608 | D:3      | 2608 ||| DROPPING potion of brilliance.
  2623 | D:4      | 2623 ||| PLANNING SEWER
  2729 | D:4      | Reached skill level 9 in Ranged Weapons
  2962 | D:4      | Reached XP level 6. HP: 21/35 MP: 8/8
  2962 | D:4      | 2962 ||| FLEEEEING.
  2976 | D:4      | 2976 ||| FLEEEEING.
  2977 | D:4      | 2977 ||| FLEEEEING.
  3023 | D:4      | 3023 ||| FLEEEEING.
  3024 | D:4      | 3024 ||| FLEEEEING.
  3025 | D:4      | 3025 ||| FLEEEEING.
  3027 | D:4      | 3027 ||| FLEEEEING.
  3028 | D:4      | 3028 ||| FLEEEEING.
  3029 | D:4      | 3029 ||| FLEEEEING.
  3030 | D:4      | 3030 ||| FLEEEEING.
  3318 | D:4      | Found a glowing drain.
  3319 | D:4      | 3319 ||| UPGRADING to amulet of the acrobat.
  3324 | D:4      | 3324 ||| READING scroll labelled BISCHO QAEGUTU.
  3325 | D:4      | 3325 ||| READING scroll labelled GEMUWN JEWEZASH.
  3326 | D:4      | 3326 ||| DRINKING 2 purple potions.
  3330 | Sewer    | Entered a sewer
  3465 | Sewer    | Reached skill level 10 in Ranged Weapons
  3542 | Sewer    | Reached skill level 3 in Dodging
  3685 | Sewer    | 3685 ||| READING 4 scrolls labelled FIOWIA ZUIQU.
  3686 | Sewer    | 3686 ||| DRINKING 2 black potions.
  3716 | Sewer    | 3716 ||| DRINKING 2 green potions.
  3717 | Sewer    | 3717 ||| DROPPING 3 scrolls of fear.
  3718 | Sewer    | 3718 ||| DROPPING potion of lignification.
  3719 | Sewer    | 3719 ||| DROPPING potion of attraction.
  3748 | D:4      | 3748 ||| PLANNING D:1-11
  3771 | D:5      | Entered Level 5 of the Dungeon
  3831 | D:5      | Reached skill level 1 in Armour
  3831 | D:5      | Reached XP level 7. HP: 33/40 MP: 9/9
  3919 | D:5      | Found a radiant altar of Vehumet.
  4032 | D:5      | Found a hide-covered altar of Uskayaw.
  4152 | D:5      | 4152 ||| FLEEEEING.
  4153 | D:5      | 4153 ||| FLEEEEING.
  4154 | D:5      | 4154 ||| FLEEEEING.
  4487 | D:5      | Found a staircase to the Ecumenical Temple.
  4488 | D:5      | 4488 ||| PLANNING TEMPLE
  4488 | D:5      | 4488 ||| READING scroll labelled MIWEZX CISER.
  4494 | Temple   | Entered the Ecumenical Temple
  4495 | Temple   | 4495 ||| PLANNING OKAWARU WORSHIP
  4504 | Temple   | Became a worshipper of Warmaster Okawaru
  4505 | Temple   | 4505 ||| PLANNING D:1-11
  4788 | D:6      | HP: 7/40 [water moccasin (7)]
  4789 | D:6      | 4789 ||| READING scroll of teleportation.
  4789 | D:6      | HP: 3/40 [poisoned by a water moccasin]
  4789 | D:6      | HP: 1/40 [water moccasin (2)]
  4790 | D:6      | 4790 ||| DRINKING potion of heal wounds.
  4914 | D:6      | Found Teecic's Antique Weapon Boutique.
  4948 | D:6      | 4948 ||| RETREEEEATING.
  4949 | D:6      | 4949 ||| RETREEEEATING.
  4953 | D:6      | Reached skill level 11 in Ranged Weapons
  5148 | D:6      | Reached skill level 12 in Ranged Weapons
  5183 | D:6      | Reached * piety under Okawaru
  5184 | D:6      | Reached XP level 8. HP: 20/45 MP: 10/10
  5269 | D:6      | Reached skill level 3 in Fighting
  5269 | D:6      | Reached skill level 1 in Invocations
  5329 | D:6      | 5329 ||| SWAPPING to +0 orcbow.
  5330 | D:6      | 5330 ||| DROPPING +0 shortbow.
  5571 | D:6      | Reached skill level 3 in Invocations
  5704 | D:6      | Found a bloodstained altar of Trog.
  5705 | D:6      | Noticed a wizard
  5711 | D:6      | Killed a wizard
  5714 | D:6      | 5714 ||| READING scroll of identify.
  5714 | D:6      | 5714 ||| IDENTIFYING clear potion
  5715 | D:6      | 5715 ||| DROPPING potion of degeneration.
  5878 | D:7      | Reached ** piety under Okawaru
  5879 | D:7      | Reached skill level 13 in Ranged Weapons
  5900 | D:7      | HP: 11/46 [water moccasin (5)]
  5901 | D:7      | HP: 5/46 [water moccasin (6)]
  6106 | D:7      | Reached XP level 9. HP: 15/50 MP: 14/14
  6107 | D:7      | HP: 12/50 [poisoned by a killer bee]
  6112 | D:7      | HP: 8/50 [poisoned by a killer bee]
  6164 | D:7      | HP: 8/50 [poisoned by a killer bee]
  6166 | D:7      | HP: 3/50 [poisoned by a killer bee]
  6167 | D:7      | HP: 1/50 [poisoned by a killer bee]
  6169 | D:7      | Reached skill level 14 in Ranged Weapons
  6169 | D:7      | 6169 ||| FLEEEEING.
  6169 | D:7      | Succumbed to a killer bee's poison

Levels and vault maps discovered:
D:1:      minmay_arrival_floating_metal, layout_rooms, minmay_quantized
D:2:      layout_loops_ring
D:3:      layout_loops_corners, nicolae_kikubaaqudgha_miasma_corner,
          mainiacjoe_overflow_cross_hatched, grunt_decor_clamped,
          hellmonk_no_cap, uniq_robin
D:4:      layout_loops_ring, gup_sewer_entry_bowl, minmay_lizard_king
D:5:      layout_basic, vehumet_crystals, mainiacjoe_overflow_chevrons,
          minmay_temple_entry_fiery
D:6:      layout_basic, trog_wizard, serial_shops, nicolae_shop_trees
D:7:      layout_basic
Temple:   nicolae_temple_slightly_damp_pantheon

Skill      XL: |  1  2  3  4  5  6  7  8  9 |
---------------+----------------------------+-----
Ranged Weapons | 6 7 8 9 10 12 13 14 | 14.0
Fighting       | 2 3 |  3.1
Dodging        | 3 4 |  4.0
Armour         | 1 |  1.5
Invocations    | 4 |  4.0
Stealth        | |  1.2

Action                     |  1- 3 |  4- 6 |  7- 9 || total
---------------------------+-------+-------+-------++-------
   Fire: Shortbow          |   153 |   279 |   140 ||   572
         Orcbow            |       |       |   133 ||   133
    Use: Scroll            |     2 |     6 |     3 ||    11
         Potion            |     1 |     4 |     1 ||     6
 Armour: Leather armour    |    20 |       |       ||    20
         Ring mail         |     9 |    66 |    83 ||   158
  Dodge: Dodged            |    33 |    93 |   146 ||   272

Table legend:
 A = Non-vault XP
 B = Vault XP
 C = Vault XP percentage of total XP
 D = Non-vault monster count
 E = Vault monster count
 F = Vault count percentage of total count
                 A         B        C        D         E       F
            +---------+---------+-------+---------+---------+-------
      Total |    2627 |     398 |  13.2 |     120 |      49 |  29.0
            +---------+---------+-------+---------+---------+-------
        D:1 |      47 |       8 |  14.5 |      27 |       5 |  15.6
        D:2 |      34 |       0 |   0.0 |      14 |       0 |   0.0
        D:3 |      83 |      77 |  48.1 |      14 |      14 |  50.0
        D:4 |     162 |      49 |  23.2 |      17 |      11 |  39.3
        D:5 |     259 |       0 |   0.0 |      10 |       0 |   0.0
        D:6 |    1104 |       0 |   0.0 |      17 |       0 |   0.0
        D:7 |     938 |       0 |   0.0 |      21 |       0 |   0.0
      Sewer |       0 |     264 | 100.0 |       0 |      19 | 100.0
            +---------+---------+-------+---------+---------+-------
